 Dungeon Crawl Stone Soup version 0.31-a0-174-g85c54bcb58 (webtiles) character file.

Game seed: 4693406732556346375

90 qw the Shooter (level 4, -1/28 HPs)
             Began as a Gargoyle Hunter on June 15, 2023.
             Slain by a hobgoblin (3 damage)
             ... on level 3 of the Dungeon.
             The game lasted 00:00:47 (1263 turns).

qw the Shooter (Gargoyle Hunter)                    Turns: 1263, Time: 00:00:47

Health: -1/28      AC:  6    Str: 14 (15) XL:     4   Next: 56%
Magic:  4/4        EV: 11    Int:  7 (9)  God:
Gold:   154        SH:  0    Dex: 13 (15) Spells: 3/3 levels left

rFire   . . .        Y - +1 shortbow
rCold   . . .        (shield currently unavailable)
rNeg    + . .        c - +0 leather armour
rPois   inf          (no helmet)
rElec   +            (no cloak)
rCorr   .            (no gloves)
SInv    .            (no boots)
Will    .....        (no amulet)
Stlth   +            (no ring)
HPRegen 0.24/turn    (no ring)
MPRegen 0.09/turn

%: no passive effects
@: no status effects
A: sickness immunity, AC +3, negative energy resistance 1, electricity
resistance, torment resistance 1, petrification resistance
a: no special abilities


You were on level 3 of the Dungeon.
You visited 1 branch of the dungeon, and saw 3 of its levels.

You collected 180 gold pieces.
You spent 26 gold pieces at shops.


Innate Abilities, Weirdness & Mutations

You are immune to sickness and miasma.
Your stone body is resilient. (AC +3)
You are immune to poison.
You resist negative energy. (rN+)
You are resistant to electric shocks. (rElec)
You are resistant to unholy torment.
You are immune to petrification.


   Skills:
 - Level 3.0 Fighting
 + Level 5.5 Ranged Weapons
 - Level 1.5 Dodging
 - Level 1.1 Stealth


You had 3 spell levels left.
You didn't know any spells.
Your spell library was empty.

Inventory:

Hand Weapons
 Y - a +1 shortbow (weapon)
Armour
 c - a +0 leather armour (worn)
Scrolls
 e - a scroll of identify
Potions
 h - a potion of lignification {unknown}
 i - a potion of heal wounds {unknown}
 j - a potion of invisibility {unknown}
 l - a potion of curing {unknown}

Dungeon Overview and Level Annotations

Branches:
Dungeon (3/15)

Altars:

Shops:
D:1 ***!


Message History

The worm is heavily wounded.
The giant cockroach misses you. The scorpion stings you.
The hobgoblin hits you but does no damage.
The adder barely misses you. The giant cockroach misses you.
The scorpion closely misses you.
You shoot an arrow. The arrow hits the scorpion.
The scorpion is lightly wounded.
The adder barely misses you. The hobgoblin misses you.
The giant cockroach barely misses you. The scorpion closely misses you.
The adder closely misses you.
The hobgoblin hits you but does no damage.
You shoot an arrow. The arrow hits the scorpion.
The scorpion is lightly wounded.
The giant cockroach bites you but does no damage.
The scorpion stings you. The adder bites you but does no damage.
The hobgoblin hits you but does no damage.
You shoot an arrow.
The arrow completely misses the scorpion.
The arrow hits the ball python.
The ball python is severely wounded.
The giant cockroach bites you but does no damage.
The scorpion stings you but does no damage.
The adder bites you. The hobgoblin closely misses you.
The giant cockroach barely misses you.
The scorpion stings you but does no damage.
The adder bites you but does no damage.
You shoot an arrow. The arrow closely misses the scorpion.
The arrow hits the ball python!
You kill the ball python!
The giant cockroach barely misses you. The adder bites you but does no damage.
The scorpion stings you but does no damage.
The hobgoblin misses you.
You shoot an arrow.
The arrow hits the scorpion but does no damage.
The scorpion is lightly wounded.
The giant cockroach waves its antennae.
The giant cockroach bites you. The adder barely misses you.
The scorpion stings you but does no damage.
The hobgoblin hits you.
You die...

########## #........#
.##........#
..#........# #
#.#........#######.##.
#.#........#<.........
#.####.#......SB......
###.###..##.....@sw.....
...(........#####g.##...
...<....##### ..#
...#.#.## ..# ##.....#
..# ###...# ... #.#...
.##. #...##. ## . ###..
#


You could see a worm, a scorpion, an adder, a giant cockroach and a hobgoblin.

Vanquished Creatures
  2 adders (D:3)
  A worm (D:2)
  9 ball pythons
  3 bats
  7 endoplasms
  4 giant cockroaches
  4 goblins
  6 hobgoblins
  4 jackals (D:2)
  4 quokkas
  4 frilled lizards
  10 kobolds
  4 rats
62 creatures vanquished.

Notes
Turn   | Place    | Note
-------+----------+-------------------------------------------
     0 | D:1      | qw the Gargoyle Hunter began the quest for the Orb.
     0 | D:1      | Reached XP level 1. HP: 12/12 MP: 1/1
     0 | D:1      | 0 ||| qw: Version: 0.2-a-29-g511e9b1
     0 | D:1      | 0 ||| qw: Game counter: 5427
     0 | D:1      | 0 ||| qw: Always use a shield: true
     0 | D:1      | 0 ||| qw: God list: Okawaru
     0 | D:1      | 0 ||| qw: Allow faded altars: false
     0 | D:1      | 0 ||| qw: Do Orc after D:15 true
     0 | D:1      | 0 ||| qw: Do second Lair branch before Depths: true
     0 | D:1      | 0 ||| qw: Lair rune preference: random
     0 | D:1      | 0 ||| qw: Plans: Normal, Zot:1-4, Slime:5, God:TSO, Crypt,
                  | Tomb, Abyss, Pan, Hells, Win
     0 | D:1      | 0 ||| PLANNING D:1-11
    52 | D:1      | Reached XP level 2. HP: 11/17 MP: 2/2
    99 | D:1      | Found Hessuadoimyo's General Store.
   100 | D:1      | Found Hics's Distillery.
   105 | D:1      | 105 ||| SHOPLISTING potion of curing (39 gold, have 32).
   105 | D:1      | 105 ||| BUYING scroll of identify (26 gold).
   105 | D:1      | Bought a scroll of identify for 26 gold pieces
   113 | D:1      | 113 ||| SHOPLISTING potion of attraction (30 gold, have 6).
   113 | D:1      | 113 ||| SHOPLISTING potion of haste (100 gold, have 6).
   113 | D:1      | 113 ||| SHOPLISTING potion of magic (80 gold, have 6).
   113 | D:1      | 113 ||| SHOPLISTING potion of might (40 gold, have 6).
   184 | D:1      | Found Emaossed's General Store.
   207 | D:1      | 207 ||| SHOPLISTING +0 ring mail (56 gold, have 23).
   207 | D:1      | 207 ||| SHOPLISTING potion of curing (42 gold, have 23).
   207 | D:1      | 207 ||| SHOPLISTING potion of heal wounds (70 gold, have
                  | 23).
   250 | D:1      | Found Tetokat's General Store.
   257 | D:1      | 257 ||| SHOPLISTING +2 robe of positive energy (205 gold,
                  | have 24).
   257 | D:1      | 257 ||| SHOPLISTING 2 scrolls of enchant weapon (210 gold,
                  | have 24).
   359 | D:1      | Reached XP level 3. HP: 21/21 MP: 3/3
   378 | D:1      | Reached skill level 5 in Ranged Weapons
   447 | D:1      | 447 ||| READING scroll labelled ZIESTRI YGAM.
   448 | D:1      | 448 ||| READING scroll labelled OHASU ZID ITOH.
   449 | D:1      | 449 ||| READING scroll labelled BAIGES HUDOLOQ.
   450 | D:1      | 450 ||| DRINKING 2 fuming puce potions.
   458 | D:1      | 458 ||| DROPPING scroll of butterflies.
   459 | D:1      | 459 ||| DROPPING potion of ambrosia.
   702 | D:2      | Reached skill level 3 in Fighting
   841 | D:2      | Reached XP level 4. HP: 28/28 MP: 4/4
  1204 | D:2      | 1204 ||| READING scroll labelled CELIESHR DYUMP.
  1205 | D:2      | 1205 ||| READING scroll labelled UHOUWNAENA.
  1209 | D:2      | 1209 ||| READING 2 scrolls labelled ZUWAYW LEZISK.
  1210 | D:2      | 1210 ||| DRINKING 2 dark potions.
  1211 | D:2      | 1211 ||| READING 2 scrolls of identify.
  1211 | D:2      | 1211 ||| IDENTIFYING fizzy yellow potion
  1212 | D:2      | 1212 ||| DROPPING scroll of amnesia.
  1213 | D:2      | 1213 ||| DROPPING potion of degeneration.
  1214 | D:2      | 1214 ||| DROPPING potion of brilliance.
  1249 | D:3      | Noticed a scorpion
  1260 | D:3      | HP: 7/28 [scorpion (4)]
  1263 | D:3      | HP: 2/28 [giant cockroach (2)]
  1263 | D:3      | Slain by a hobgoblin

Levels and vault maps discovered:
D:1:      scummos_arrival_forest, layout_rooms, serial_shops, shop, shop,
          nicolae_shop_waterfront, shop
D:2:      minmay_razor_zed, layout_rooms, grunt_decor_mini_mirrors,
          uniq_crazy_yiuf_cottage
D:3:      layout_rooms, minmay_lizard_king

Skill      XL: |  1  2  3 |
---------------+----------+-----
Ranged Weapons | 5 |  5.5
Fighting       | 3 |  3.0
Dodging        | |  1.5
Stealth        | |  1.1

Action                     |  1- 3 |  4- 6 || total
---------------------------+-------+-------++-------
   Fire: Shortbow          |   138 |    53 ||   191
    Use: Scroll            |     3 |     4 ||     7
         Potion            |     1 |     1 ||     2
 Armour: Leather armour    |    28 |    46 ||    74
  Dodge: Dodged            |    25 |    44 ||    69

Table legend:
 A = Non-vault XP
 B = Vault XP
 C = Vault XP percentage of total XP
 D = Non-vault monster count
 E = Vault monster count
 F = Vault count percentage of total count
                 A         B        C        D         E       F
            +---------+---------+-------+---------+---------+-------
      Total |     111 |      18 |  14.0 |      51 |      11 |  17.7
            +---------+---------+-------+---------+---------+-------
        D:1 |      44 |       0 |   0.0 |      26 |       0 |   0.0
        D:2 |      36 |      18 |  33.3 |      20 |      11 |  35.5
        D:3 |      31 |       0 |   0.0 |       5 |       0 |   0.0
            +---------+---------+-------+---------+---------+-------
